 Dungeon Crawl Stone Soup version 0.19-a0-1908-g43c011f (webtiles) character file.

153 Naow the Shield-Bearer (level 5, -1/42 HPs)
             Began as a Formicid Fighter on Oct 22, 2016.
             Slain by an orc priest
             ... wielding a +0 club
              (2 damage)
             ... on level 4 of the Dungeon.
             The game lasted 00:03:24 (2773 turns).

Naow the Shield-Bearer (Formicid Fighter)           Turns: 2773, Time: 00:03:26

Health: -1/42      AC:  7    Str: 21    XL:     5   Next: 61%
Magic:  5/5        EV:  8    Int:  8    God:
Gold:   140        SH:  9    Dex: 10    Spells: 0 memorised, 4 levels left

rFire  . . .     SeeInvis +     a - +0 war axe
rCold  . . .     Gourm    .     b - +0 scale mail
rNeg   . . .     Faith    .     c - +0 shield
rPois  .         Spirit   .     (helmet unavailable)
rElec  .         Reflect  .     (no cloak)
rCorr  .         Harm     .     (no gloves)
MR     .....                    (no boots)
Stlth  ..........               x - amulet of rage
                                (no ring)
                                y - ring of flight

@: no status effects
A: permanent stasis, dig shafts and tunnels, four strong arms, antennae 3
a: Dig, Shaft Self, Evoke Flight


You were on level 4 of the Dungeon.
You were not hungry.

You visited 1 branch of the dungeon, and saw 4 of its levels.

You collected 140 gold pieces.

Inventory:

Hand Weapons
 a - a +0 war axe (weapon)
Missiles
 e - 2 throwing nets (quivered)
 j - 24 poisoned needles
Armour
 b - a +0 scale mail (worn)
 c - a +0 shield (worn)
Jewellery
 x - an amulet of rage (around neck)
 y - a ring of flight (left hand)
Scrolls
 k - a scroll of recharging {unknown}
 l - 5 scrolls of identify {unknown}
 p - a scroll of remove curse {unknown}
 q - a scroll of amnesia {unknown}
 r - 2 scrolls of enchant weapon {unknown}
 u - a scroll of blinking {unknown}
 v - a scroll of enchant armour {unknown}
 A - a scroll of fog {unknown}
 B - a scroll of noise {unknown}
Potions
 d - 2 potions of might
 g - a potion of mutation {unknown}
 m - 2 potions of curing {unknown}
 s - a potion of berserk rage {unknown}
 t - a potion of brilliance {unknown}
 w - 2 potions of degeneration {unknown}
 z - 2 potions of agility {unknown}
 C - a potion of invisibility {unknown}
Comestibles
 f - 4 bread rations
 h - a meat ration
 i - a slice of pizza
 n - 2 fruits
 o - 7 chunks of flesh


   Skills:
 + Level 4.2 Fighting
 + Level 3.4 Axes
 + Level 4.0 Armour
 + Level 4.6 Shields


You had 4 spell levels left.
You didn't know any spells.

Dungeon Overview and Level Annotations

Branches:
Dungeon (4/15)
 Temple: D:4-7

Altars:
Gozag
Kikubaaqudgha
Nemelex Xobeh
Qazlal
Sif Muna
The Shining One


Innate Abilities, Weirdness & Mutations

You are under a permanent stasis effect.
You can dig through walls and to a lower floor.
Your four strong arms can wield two-handed weapons with a shield.
You have a pair of large antennae on your head. (SInv)


Message History

The quokka bites you.
* * * LOW HITPOINT WARNING * * *
You closely miss the orc wizard.
The orc wizard is almost dead.
You completely miss the quokka.
You hit the orc priest but do no damage.
The orc wizard hits you with a dagger.
* * * LOW HITPOINT WARNING * * *
The orc priest closely misses you. You block the quokka's attack.
The orc wizard closely misses you.
The quokka bites you but does no damage.
The orc priest casts a cantrip, but nothing happens.
You hit the orc wizard.
The orc wizard is almost dead.
You closely miss the quokka.
You hit the orc priest but do no damage.
The quokka bites you but does no damage.
The orc wizard hits you but does no damage.
The orc priest hits you with a club.
You die...

.... .... .....
..... { ......
......########
......r......##
..>...o@..<...#
#.....o....##.....
#####.##...# ...
#. ##### . . .. .?
...


You could see an orc priest, an orc wizard and a quokka.

Vanquished Creatures
  6 adders
  A worm (D:2)
  3 dart slugs
  4 leopard geckos
  An orc (D:4)
  8 bats
  2 giant cockroaches
  9 goblins
  12 hobgoblins
  7 jackals
  9 kobolds
  2 ball pythons
  7 frilled lizards
  11 rats
82 creatures vanquished.

Notes
Turn   | Place    | Note
-------+----------+-------------------------------------------
     0 | D:1      | Naow the Formicid Fighter began the quest for the Orb.
     0 | D:1      | Reached XP level 1. HP: 18/18 MP: 1/1
   198 | D:1      | Reached XP level 2. HP: 21/24 MP: 2/2
   367 | D:1      | Reached XP level 3. HP: 26/29 MP: 3/3
  1019 | D:2      | Found an opulent altar of Gozag.
  1020 | D:2      | Found a stormy altar of Qazlal.
  1020 | D:2      | Found a glowing golden altar of the Shining One.
  1020 | D:2      | Found a sparkling altar of Nemelex Xobeh.
  1029 | D:2      | Reached XP level 4. HP: 30/37 MP: 4/4
  1043 | D:2      | Found a deep blue altar of Sif Muna.
  1043 | D:2      | Found an ancient bone altar of Kikubaaqudgha.
  1686 | D:2      | Reached XP level 5. HP: 38/42 MP: 5/5
  2772 | D:4      | HP: 1/42 [orc wizard/dagger (3)]
  2773 | D:4      | Slain by an orc priest

Vault maps used:
D:1:      lightli_arrival_quake
D:2:      kennysheep_six_static_rooms, minmay_overflow_temple_hex
D:4:      lemuel_doored_altar, serial_shops, kennysheep_little_box, first_bread,
          kennysheep_small_square, uniq_crazy_yiuf_cottage

Skill      XL: |  1  2  3  4  5 |
---------------+----------------+-----
Shields        | 4 |  4.6
Axes           | 3 |  3.4
Fighting       | 4 |  4.2
Armour         | 4 |  4.0

Action                   |  1- 3 |  4- 6 || total
-------------------------+-------+-------++-------
Melee: War axe           |    89 |   194 ||   283
  Eat: Chunk             |       |     7 ||     7
Armor: Scale mail        |    35 |    80 ||   115
Dodge: Dodged            |    36 |    69 ||   105
Block: Shield            |    47 |   119 ||   166
